 Dungeon Crawl Stone Soup version 0.29.1-15-g9cfb28693d (webtiles) character file.

Game seed: 8194471250011728869

49 dudediamond6 the Sneak (level 3, 0/25 HPs)
             Began as an Octopode Brigand on Mar 3, 2023.
             Slain by an adder (4 damage)
             ... on level 2 of the Dungeon.
             The game lasted 00:02:35 (2345 turns).

dudediamond6 the Sneak (Octopode Brigand)           Turns: 2345, Time: 00:02:36

Health: 0/25       AC:  1    Str: 10    XL:     3   Next: 77%
Magic:  3/3        EV: 10    Int: 13    God:
Gold:   49         SH:  7    Dex: 15    Spells: 2/2 levels left

rFire   . . .      SeeInvis .   a - +2 dagger
rCold   . . .      Faith    .   l - +0 kite shield
rNeg    . . .      Spirit   .   (helmet restricted)
rPois   .          Reflect  .   (no amulet)
rElec   .          Harm     .   j - ring of willpower
rCorr   .          Rampage  .   (no ring)
Will    +....                   (no ring)
Stlth   ++++......              (no ring)
HPRegen 0.08/turn               (no ring)
MPRegen 0.08/turn               (no ring)
                                (no ring)
                                (no ring)

@: lethally poisoned (0 -> -6)
A: almost no armour, amphibious, 8 rings, camouflage 1, gelatinous body 1,
(nimble swimmer 1), tentacles
a: no special abilities


You were on level 2 of the Dungeon.
You visited 1 branch of the dungeon, and saw 2 of its levels.

You collected 49 gold pieces.

Inventory:

Hand Weapons
 a - a +2 dagger (weapon)
 i - a +1 dagger of venom
Missiles
 b - 15 poisoned darts (quivered)
 c - 3 curare-tipped darts
Armour
 l - a +0 kite shield (worn)
Jewellery
 j - a ring of willpower (left tentacle)
Scrolls
 d - 3 scrolls of vulnerability {unknown}
 f - a scroll of poison {unknown}
 h - 2 scrolls of identify {unknown}
Potions
 e - a potion of resistance {unknown}
 g - a potion of haste {unknown}
 k - a potion of curing {unknown}


   Skills:
 * Level 2.4 Fighting
 * Level 2.5 Short Blades
 - Level 2.0 Throwing
 - Level 1.0 Dodging
 + Level 6.6 Stealth


You had 2 spell levels left.
You didn't know any spells.
Your spell library was empty.

Dungeon Overview and Level Annotations

Branches:
Dungeon (2/15)

Altars:


Innate Abilities, Weirdness & Mutations

You cannot wear most types of armour.
You are amphibious.
You can wear up to eight rings at the same time.
Your skin changes colour to match your surroundings (Stealth+).
Your rubbery body absorbs attacks. (AC +1, EV +1)
((You are camouflaged when in or above water. (Stealth+)))
You have tentacles for arms and can constrict up to eight enemies at once.


Message History

The kobold is moderately wounded.
You constrict the kobold. The kobold closely misses you.
You barely miss the kobold. You squeeze the kobold.
You kill the kobold!
No target in view!
No target in view!
An adder comes into view.
An adder is nearby!
The adder hisses angrily.
Items here: ( ) †††.
The adder barely misses you.
You barely miss the adder. Your grab misses the adder.
The adder barely misses you. The adder closely misses you.
You hit the adder. Your grab misses the adder. Your squeeze misses the adder.
The adder is lightly wounded.
The adder bites you.
You are poisoned.
The adder poisons you!
You barely miss the adder. Your grab misses the adder.
Your tentacle-slap misses the adder.
The adder is lightly wounded.
You feel sick. The adder bites you.
You are more poisoned.
The adder poisons you! The adder bites you.
You are more poisoned.
The adder poisons you!
You closely miss the adder. Your grab misses the adder.
The adder is lightly wounded.
You feel very sick. You block the adder's attack.
You are too injured to fight recklessly!
You hit the adder. Your grab misses the adder.
The adder is moderately wounded.
You feel sick. The adder bites you.
* * * LOW HITPOINT WARNING * * *
You barely miss the adder. Your grab misses the adder.
The adder is moderately wounded.
* * * LOW HITPOINT WARNING * * *
You feel sick. The adder bites you.
You die...

...####
####.......
#####......#..
#............#
#.###...######
#.# ##.#.###
#.# #.###.. .
#.#
##.#.######....
#.#
#...).@S...#
#.##
#..#########
#..##....
##.##.#.#.
#.#.###..# #.##
# # #.# #.# #.#


You could see an adder.

Vanquished Creatures
  3 dart slugs (D:1)
  4 ball pythons (D:1)
  2 endoplasms
  A goblin (D:1)
  3 hobgoblins (D:1)
  7 jackals
  2 quokkas (D:1)
  2 bats (D:1)
  4 frilled lizards (D:1)
  7 kobolds
  5 rats (D:1)
40 creatures vanquished.

Notes
Turn   | Place    | Note
-------+----------+-------------------------------------------
     0 | D:1      | dudediamond6 the Octopode Brigand began the quest for the
                  | Orb.
     0 | D:1      | Reached XP level 1. HP: 14/14 MP: 1/1
   840 | D:1      | Reached XP level 2. HP: 18/19 MP: 2/2
  1012 | D:1      | Reached skill level 6 in Stealth
  1231 | D:1      | Noticed an eye of devastation
  1232 | D:1      | Found a faded altar of an unknown god.
  1234 | D:1      | Noticed a golden eye
  1234 | D:1      | Noticed a golden eye
  1234 | D:1      | Noticed a shining eye
  1439 | D:1      | Reached XP level 3. HP: 24/24 MP: 3/3
  2345 | D:2      | Slain by an adder

Illustrated notes

Levels and vault maps discovered:
D:1:      dpeg_arrival_three_same_balls, layout_basic,
          hellmonk_ecumenical_altar_watching_god, hangedman_decor_slide_cut,
          minivault_4
D:2:      minmay_general_purpose_star, layout_loops_ring

Skill      XL: |  1  2 |
---------------+-------+-----
Stealth        | 6 |  6.6
Fighting       | |  2.4
Short Blades   | |  2.5
Throwing       | |  2.0
Dodging        | |  1.0

Action                   || total
-------------------------++-------
Melee: Dagger            ||    73
       Constrict         ||    22
       Tentacles         ||    14
       Punch             ||     1
 Stab: Sleeping          ||    13
Armor: Skin              ||     3
Dodge: Dodged            ||    39
Block: Kite shield       ||     4
